 Dungeon Crawl Stone Soup version bcrawl-1.41.1 (webtiles) character file.

Game seed: 4082716298492400811

255150 Yshiel the Magician (level 10, -12/74 HPs)
             Began as a Gnoll Ice Elementalist on Apr 17, 2024.
             Was a High Priest of Okawaru.
             Killed from afar by a deep elf mage (20 damage)
             ... with a stone arrow
             ... on level 9 of the Dungeon.
             The game lasted 01:01:50 (9704 turns).

Yshiel the Magician (Gnoll Ice Elementalist)        Turns: 9704, Time: 01:01:51

Health: -12/74     AC: 14    Str:  9 (12) XL:     10   Next: 43%
Magic:  13/20      EV: 14    Int: 14 (17) God:    Okawaru [*****.]
Gold:   222        SH:  0    Dex: 18      Spells: 20/23 levels left

rFire    . . .     GDR:     33% l - +6 dagger
rCold    . . .     SeeInvis +   (no shield)
rNeg     . . .     Gourm    .   d - +2 ring mail {MR+}
rPois    .         Faith    .   E - +0 helmet "Womnaz" {rElec}
rElec    +         Spirit   .   P - +0 cloak
rCorr    .         Reflect  .   N - +0 pair of gloves (curse)
MR       +....                  O - +1 pair of boots
Stlth    +++.......             (no amulet)
HPRegen  0.22/turn              (no ring)
MPRegen  0.17/turn              o - ring of see invisible

@: no status effects
A: distributed training, fangs 1, strong nose
a: Heroism, Finesse, Renounce Religion


You were on level 9 of the Dungeon.
You worshipped Okawaru.
Okawaru was extremely pleased with you.
You were not hungry.

You visited 2 branches of the dungeon, and saw 10 of its levels.

You collected 488 gold pieces.
You spent 266 gold pieces at shops.

Inventory:

Hand Weapons
 l - a +6 dagger (weapon)
 A - a +2 falchion of venom
 J - a +0 mace of protection
Missiles
 b - 132 poisoned tomahawks (quivered)
 m - 2131 stones
 n - 712 bolts
 r - 92 poisoned needles
 x - 1390 sling bullets
 K - 57 arrows
Armour
 d - a +2 ring mail of magic resistance (worn)
 q - a +0 pair of boots
 E - the +0 helmet "Womnaz" (worn) {rElec}
   (You bought it in a shop on level 6 of the Dungeon)

   It insulates you from electricity.
 N - a cursed +0 pair of gloves (worn)
 O - a +1 pair of boots (worn)
 P - a +0 cloak (worn)
Jewellery
 k - an uncursed amulet of guardian spirit
 o - a ring of see invisible (right hand)
 M - the cursed ring of Nyuteazo {Dex+3 Stlth--}
   (You found it on level 8 of the Dungeon)

   [ring of attention]

   It affects your dexterity (+3).
   It makes you much less stealthy.
   It has a curse placed upon it.
Wands
 c - a wand of iceblast (1)
 u - a wand of paralysis (12)
 y - a wand of disintegration (12)
 H - a wand of digging (10)
Scrolls
 a - 2 scrolls of fog
 g - 5 scrolls of teleportation
 i - a scroll of identify
 s - 2 scrolls of amnesia
 t - a scroll of fear {unknown}
 z - 2 scrolls of immolation {unknown}
 F - a scroll of noise {unknown}
 G - a scroll of remove curse
 I - a scroll of revelation {unknown}
 L - 2 scrolls of enchant armour {unknown}
Potions
 f - a potion of degeneration
 h - 4 potions of flight
 j - a potion of berserk rage {unknown}
 p - a potion of haste {unknown}
 v - 3 potions of lignification
 w - 2 potions of ambrosia {unknown}
 B - 3 potions of curing
 D - 2 potions of mutation {unknown}
Comestibles
 e - 5 rations {!d}
 Q - 5 chunks of flesh


   Skills:
 + Level 5.2 Fighting
 + Level 5.2 Short Blades
 + Level 5.2 Long Blades
 + Level 5.2 Axes
 + Level 5.2 Maces & Flails
 + Level 5.2 Polearms
 + Level 5.2 Staves
 + Level 5.2 Slings
 + Level 5.2 Bows
 + Level 5.2 Crossbows
 + Level 5.2 Throwing
 + Level 5.2 Armour
 + Level 7.0 Dodging
 + Level 7.0 Stealth
 + Level 5.2 Shields
 + Level 5.2 Unarmed Combat
 + Level 7.3 Spellcasting
 + Level 4.8 Conjurations
 + Level 4.2 Hexes
 + Level 4.2 Charms
 + Level 4.2 Summonings
 + Level 4.2 Necromancy
 + Level 4.2 Translocations
 + Level 4.2 Transmutations
 + Level 4.2 Fire Magic
 + Level 7.0 Ice Magic
 + Level 4.2 Air Magic
 + Level 4.2 Earth Magic
 + Level 4.2 Poison Magic
 + Level 5.7 Invocations
 + Level 5.2 Evocations


You had 20 spell levels left.
You knew the following spells:

 Your Spells              Type           Power        Failure   Level  Hunger
a - Freeze                Ice            ###...       1%          1    None
b - Throw Frost           Conj/Ice       ###...       1%          2    None

Your spell library contained the following spells:

 Spells                   Type           Power        Failure   Level  Hunger
 Ozocubu's Armour         Chrm/Ice       ###.....     10%         3    None
 Throw Icicle             Conj/Ice       ###.....     30%         4    ###....
 Ice Form                 Ice/Tmut       ###.....     32%         4    ###....
 Summon Ice Beast         Ice/Summ       ###.....     32%         4    ###....


Dungeon Overview and Level Annotations

Branches:
Dungeon (9/12)             Temple (1/1) D:7
   Lair: D:7-9          Orc: D:8-11

Altars:
Ashenzari
Cheibriados
Dithmenos
Gozag
Lugonu
Makhleb
Nemelex Xobeh
Okawaru
Trog
Vehumet
Xom
The Shining One

Shops:
D:6 :[[?

Annotations:
D:4 Natasha
D:7 3 runed translucent doors, yrara's ghost, novice DsFi


Innate Abilities, Weirdness & Mutations

Your experience applies equally to all skills.
You have very sharp teeth.
Your uncanny sense of smell can sniff out nearby items.


Message History

The deep elf mage casts a spell at you.
The stone arrow hits you but does no damage.
You feel your dexterity returning.
Your Dodging skill increases to level 7!
Your Stealth skill increases to level 7!
Your Ice Magic skill increases to level 7!
You cannot move.
You feel less wooden.
Your +0 cloak unmelds from your body.
The +0 helmet "Womnaz" {rElec} unmelds from your body.
Your cursed +0 pair of gloves unmelds from your body.
Your +1 pair of boots unmelds from your body.
Your +2 ring mail of magic resistance unmelds from your body.
You feel resistant to hostile enchantments.
The deep elf mage gestures at you while chanting.
The stone arrow hits you!
* * * LOW HITPOINT WARNING * * *
The deep elf mage points at you and mumbles some strange words.
The stone arrow hits you!!
You die...

..............
#####'#####.......
#####.#÷#.#.#.#.......
#...#...#.#...#.####..
+...##..#...###....#.. ##
#...#...#.....#....#..
.'.#####..)'...#.....'....#..
#..'..#...###....####....'..
#..c...#@)e......#....#..
+.e#...#...#.#..##....#..
##.#####.#.#.#...#....#.. #'#
#####+#####....#.. ∆#c#∆
#....#.. #.# #....#.. ∆ ..e ∆
#....#.. ..# #....#.. #8#
+....#..


You could see a deep elf mage.

Vanquished Creatures
  A centaur warrior (D:9)
  A gargoyle (D:9)
  A meliai zombie (D:9)
  Grinder (D:4)
  Prince Ribbit (D:5)
  A hippogriff (D:7)
  Sigmund (D:3)
  Eustachio (D:4)
  A hungry ghost (D:9)
  Edmund (D:5)
  A water moccasin (D:6)
  An orc warrior (D:5)
  2 sky beasts
  Duvessa (D:4)
  2 black bears (D:6)
  2 phantoms
  3 ogres
  2 ice beasts
  2 bullfrogs
  Dowan (D:4)
  2 scorpions
  8 wights
  An orc priest (D:9)
  2 crimson imps
  3 hounds
  2 jellies (D:6)
  3 orc wizards
  Natasha (D:4)
  An iguana (D:4)
  2 worker ants (D:4)
  A hound skeleton (D:7)
  3 adders
  2 oozes
  2 adder skeletons
  6 worms
  4 dart slugs
  9 leopard geckos
  22 orcs
  4 bats
  3 giant cockroaches
  3 goblins
  10 hobgoblins
  12 jackals
  3 quokkas
  A ball python skeleton (D:4)
  6 frilled lizards
  10 kobolds
  6 rats
159 creatures vanquished.

Vanquished Creatures (others)
  A fungus (D:7)
  3 plants (D:7)
4 creatures vanquished.

Grand Total: 163 creatures vanquished

Notes
Turn   | Place    | Note
-------+----------+-------------------------------------------
     0 | D:1      | Yshiel the Gnoll Ice Elementalist began the quest for the
                  | Orb.
     0 | D:1      | Reached XP level 1. HP: 13/13 MP: 6/6
    96 | D:1      | Reached XP level 2. HP: 16/19 MP: 0/7
   709 | D:1      | Reached XP level 3. HP: 25/25 MP: 6/9
   768 | D:1      | Reached skill level 5 in Spellcasting
  1305 | D:2      | Reached skill level 1 in Invocations
  1334 | D:2      | Found an iron altar of Okawaru.
  1341 | D:2      | Became a worshipper of Warmaster Okawaru
  1426 | D:2      | Found a burning altar of Makhleb.
  1439 | D:2      | Found a shattered altar of Ashenzari.
  1489 | D:2      | Reached skill level 1 in Fighting
  1489 | D:2      | Reached skill level 1 in Short Blades
  1489 | D:2      | Reached skill level 1 in Long Blades
  1489 | D:2      | Reached skill level 1 in Axes
  1489 | D:2      | Reached skill level 1 in Maces & Flails
  1489 | D:2      | Reached skill level 1 in Polearms
  1489 | D:2      | Reached skill level 1 in Staves
  1489 | D:2      | Reached skill level 1 in Slings
  1489 | D:2      | Reached skill level 1 in Bows
  1489 | D:2      | Reached skill level 1 in Crossbows
  1489 | D:2      | Reached skill level 1 in Throwing
  1489 | D:2      | Reached skill level 1 in Armour
  1489 | D:2      | Reached skill level 1 in Shields
  1489 | D:2      | Reached skill level 1 in Unarmed Combat
  1489 | D:2      | Reached skill level 1 in Evocations
  1504 | D:2      | Reached XP level 4. HP: 23/32 MP: 3/11
  2027 | D:3      | Noticed Sigmund
  2047 | D:3      | Killed Sigmund
  2048 | D:3      | Reached skill level 1 in Hexes
  2048 | D:3      | Reached skill level 1 in Charms
  2048 | D:3      | Reached skill level 1 in Summonings
  2048 | D:3      | Reached skill level 1 in Necromancy
  2048 | D:3      | Reached skill level 1 in Translocations
  2048 | D:3      | Reached skill level 1 in Transmutations
  2048 | D:3      | Reached skill level 1 in Fire Magic
  2048 | D:3      | Reached skill level 1 in Air Magic
  2048 | D:3      | Reached skill level 1 in Earth Magic
  2048 | D:3      | Reached skill level 1 in Poison Magic
  2048 | D:3      | Reached XP level 5. HP: 29/38 MP: 5/12
  2048 | D:3      | Reached XP level 6. HP: 33/44 MP: 5/13
  2140 | D:3      | Reached * piety under Okawaru
  2164 | D:3      | Noticed a phantom
  2181 | D:3      | Found a shadowy altar of Dithmenos.
  2238 | D:3      | Killed a phantom
  2239 | D:3      | Reached skill level 5 in Dodging
  2239 | D:3      | Reached skill level 5 in Stealth
  2387 | D:3      | Found a glowing golden altar of the Shining One.
  2753 | D:4      | Noticed Edmund
  2908 | D:4      | Noticed Eustachio
  2911 | D:5      | Entered Level 5 of the Dungeon
  3065 | D:5      | Found a corrupted altar of Lugonu.
  3068 | D:5      | Found a sparkling altar of Nemelex Xobeh.
  3071 | D:5      | Found an opulent altar of Gozag.
  3073 | D:5      | Found a radiant altar of Vehumet.
  3077 | D:5      | Found a shimmering altar of Xom.
  3078 | D:5      | Found a bloodstained altar of Trog.
  3384 | D:5      | Noticed Prince Ribbit
  3395 | D:5      | Killed Prince Ribbit
  3395 | D:5      | Reached ** piety under Okawaru
  3396 | D:5      | Reached XP level 7. HP: 32/51 MP: 8/15
  3853 | D:5      | Killed Edmund
  3897 | D:4      | Noticed Dowan
  3898 | D:4      | Noticed Duvessa
  3937 | D:4      | Killed Duvessa
  3938 | D:4      | Reached XP level 8. HP: 53/57 MP: 11/16
  4041 | D:4      | Killed Dowan
  4222 | D:4      | Noticed Natasha
  4231 | D:4      | Killed Natasha
  4369 | D:4      | Killed Eustachio
  4369 | D:4      | Reached *** piety under Okawaru
  4504 | D:4      | Noticed Grinder
  4529 | D:4      | Paralysed by Grinder for 3 turns
  4538 | D:4      | Killed Grinder
  4750 | D:4      | Noticed Natasha
  4994 | D:6      | Found Botiev's Antique Armour Shop.
  5122 | D:6      | Found Zith's Antique Armour Shoppe.
  5125 | D:6      | Bought an ancient helmet for 266 gold pieces
  5125 | D:6      | Identified the +0 helmet "Womnaz" {rElec} (You bought it in
                  | a shop on level 6 of the Dungeon)
  5223 | D:5      | Reached XP level 9. HP: 19/65 MP: 9/18
  5646 | D:6      | Found Beczuep's Magic Scroll Emporium.
  6173 | D:6      | Reached **** piety under Okawaru
  7036 | D:6      | Found Laxzar's Book Shop.
  7181 | D:7      | Found a runed translucent gate.
  7181 | D:7      | Found a runed translucent gate.
  7188 | D:7      | Identified the +5 short sword of Evil {chaos, rPois rF+ MR+
                  | Int+2 Dex+4}
  7190 | D:7      | Found a runed translucent gate.
  7221 | D:7      | Noticed a troll
  7249 | D:7      | HP: 2/66 [troll (9)]
  7287 | D:7      | Noticed yrara's ghost (novice DsFi)
  7549 | D:7      | Found a staircase to the Ecumenical Temple.
  7562 | Temple   | Entered the Ecumenical Temple
  7811 | D:7      | Found a snail-covered altar of Cheibriados.
  8034 | D:7      | Reached skill level 5 in Invocations
  8232 | D:8      | Noticed a two-headed ogre
  8327 | D:7      | Learned a level 2 spell: Throw Frost
  8509 | D:8      | Reached XP level 10. HP: 53/73 MP: 17/20
  8908 | D:8      | Got a vibrating lead ring
  8919 | D:8      | Identified the cursed ring of Nyuteazo {Dex+3 Stlth--} (You
                  | found it on level 8 of the Dungeon)
  9223 | D:9      | Noticed a gargoyle
  9617 | D:9      | Killed a gargoyle
  9618 | D:9      | Reached skill level 5 in Fighting
  9618 | D:9      | Reached skill level 5 in Short Blades
  9618 | D:9      | Reached skill level 5 in Long Blades
  9618 | D:9      | Reached skill level 5 in Axes
  9618 | D:9      | Reached skill level 5 in Maces & Flails
  9618 | D:9      | Reached skill level 5 in Polearms
  9618 | D:9      | Reached skill level 5 in Staves
  9618 | D:9      | Reached skill level 5 in Slings
  9618 | D:9      | Reached skill level 5 in Bows
  9618 | D:9      | Reached skill level 5 in Crossbows
  9618 | D:9      | Reached skill level 5 in Throwing
  9618 | D:9      | Reached skill level 5 in Armour
  9618 | D:9      | Reached skill level 5 in Shields
  9618 | D:9      | Reached skill level 5 in Unarmed Combat
  9618 | D:9      | Reached skill level 5 in Evocations
  9618 | D:9      | Noticed a centaur warrior
  9662 | D:9      | Noticed a deep elf mage
  9681 | D:9      | HP: 1/111 [centaur warrior/arrow (9)]
  9700 | D:9      | Killed a centaur warrior
  9700 | D:9      | Reached ***** piety under Okawaru
  9704 | D:9      | Killed from afar by a deep elf mage

Skill      XL: |  1  2  3  4  5  6  7  8  9 10 |
---------------+-------------------------------+-----
Conjurations   | 2 3 4 |  4.8
Spellcasting   | 5 6 7 |  7.3
Invocations    | 1 2 3 4 5 |  5.7
Fighting       | 1 2 3 4 5 |  5.2
Short Blades   | 1 2 3 4 5 |  5.2
Long Blades    | 1 2 3 4 5 |  5.2
Axes           | 1 2 3 4 5 |  5.2
Maces & Flails | 1 2 3 4 5 |  5.2
Polearms       | 1 2 3 4 5 |  5.2
Staves         | 1 2 3 4 5 |  5.2
Slings         | 1 2 3 4 5 |  5.2
Bows           | 1 2 3 4 5 |  5.2
Crossbows      | 1 2 3 4 5 |  5.2
Throwing       | 1 2 3 4 5 |  5.2
Armour         | 1 2 3 4 5 |  5.2
Shields        | 1 2 3 4 5 |  5.2
Unarmed Combat | 1 2 3 4 5 |  5.2
Evocations     | 1 2 3 4 5 |  5.2
Hexes          | 1 2 3 4 |  4.2
Charms         | 1 2 3 4 |  4.2
Summonings     | 1 2 3 4 |  4.2
Necromancy     | 1 2 3 4 |  4.2
Translocations | 1 2 3 4 |  4.2
Transmutations | 1 2 3 4 |  4.2
Fire Magic     | 1 2 3 4 |  4.2
Air Magic      | 1 2 3 4 |  4.2
Earth Magic    | 1 2 3 4 |  4.2
Poison Magic   | 1 2 3 4 |  4.2
Dodging        | 5 6 7 |  7.0
Stealth        | 5 6 7 |  7.0
Ice Magic      | 6 7 |  7.0

Action                   |  1- 3 |  4- 6 |  7- 9 | 10-12 || total
-------------------------+-------+-------+-------+-------++-------
Melee: Unarmed           |     4 |       |       |       ||     4
       Dagger            |     4 |    56 |   251 |    73 ||   384
       Bite              |     1 |     5 |    27 |    16 ||    49
       Punch             |       |       |     5 |     5 ||    10
 Cast: Freeze            |    57 |    69 |   113 |    32 ||   271
Invok: Heroism           |       |       |     1 |       ||     1
  Use: Scroll            |       |     9 |     5 |     2 ||    16
       Potion            |       |       |     1 |     6 ||     7
 Stab: Sleeping          |     1 |     5 |     2 |     3 ||    11
  Eat: Chunk             |     3 |     9 |    11 |     8 ||    31
       Ration            |       |       |     3 |       ||     3
Armor: Robe              |     1 |       |       |       ||     1
       Ring mail         |    14 |    31 |   103 |    26 ||   174
       Skin              |       |       |       |    13 ||    13
Dodge: Dodged            |    36 |    56 |   233 |    63 ||   388
